AoeStats
← Sir Tristan

Arabia

505708402Analyzed
2v2 RM · 23d ago on Sep 10, 2026· 37m 45s· 4 players
Game mode
Random Map
Map size
Medium (4 player)
Population
200
Speed
Normal
Resources
Standard
Victory
Conquest
Starting age
Dark Age
Ending age
Imperial Age
RankedLock teamsTeams togetherTeam positionsShared explorationLock speedFull tech treeHidden civsTurbo modeCheats
Victory
Defeat
🇩🇪 Lithuanians · Germany
1111
+16
🇩🇪 Ethiopians · Germany
1064
+18
🇪🇸 Franks · Spain
1235
-23
🇬🇷 Burmese · Greece
971
-11
DS
10:46 Feudal Age
16:27 Castle Age
15:57 Double-Bit Axe
16:13 Horse Collar
19:41 Fletching
20:45 Bodkin Arrow
23:40 Heavy Plow
23:56 Bow Saw
26:40 Pikeman
30:37 Forging
31:47 Scale Barding Armor
32:17 Bloodlines
33:41 Squires
34:15 Chain Barding Armor
33:59 Husbandry
34:08 Scale Mail Armor
37:44 Wheelbarrow
37:57 Iron Casting
38:32 Chain Mail Armor
Kampfschafadmiral
6:53 Loom
9:40 Feudal Age
20:16 Castle Age
18:07 Double-Bit Axe
18:35 Horse Collar
19:28 Fletching
19:57 Gold Mining
20:44 Crossbowman
21:38 Bodkin Arrow
25:00 Scale Mail Armor
29:16 Wheelbarrow
28:42 Stone Mining
29:38 Sanctity
35:18 Imperial Age
34:17 Padded Archer Armor
35:49 Ballistics
35:40 Heavy Plow
39:02 Chemistry
GoodStuber
6:47 Loom
9:23 Feudal Age
9:57 Double-Bit Axe
20:19 Castle Age
19:13 Fletching
21:09 Scale Barding Armor
21:25 Bodkin Arrow
36:00 Imperial Age
Sir Tristan
12:01 Feudal Age
17:15 Castle Age
17:09 Horse Collar
17:24 Gold Mining
19:25 Forging
23:05 Heavy Plow
23:05 Loom
25:45 Wheelbarrow
25:36 Scale Barding Armor
28:55 Hand Cart
34:03 Imperial Age
32:43 Town Watch
32:49 Fletching
33:00 Scale Mail Armor
33:36 Iron Casting
33:32 Murder Holes
Connection lost

Rejoining the realm…

Still unreachable

The connection could not be restored.

Session expired

The server has moved on; the page needs a fresh start.